 Dungeon Crawl Stone Soup version 0.18-a0-1626-g65af6d3 (webtiles) character file.

10981 Sargon the Grappler (level 11, -1/189 HPs)
             Began as a Troll Monk on Mar 24, 2016.
             Was a Follower of Yredelemnul.
             Slain by a wraith (8 damage)
             ... led by Josephine
             ... on level 11 of the Dungeon.
             The game lasted 01:01:00 (9348 turns).

Sargon the Grappler (Troll Monk)                    Turns: 9348, Time: 01:01:00

Health: -1/189     AC: 25    Str: 23      XL:     11   Next: 43%
Magic:  14/16      EV:  3    Int:  4 (6)  God:    Yredelemnul [*.....]
Gold:   57         SH:  0    Dex: 14 (15) Spells: 0 memorised, 10 levels left

rFire  . . .     SeeInvis .       - Unarmed
rCold  . . .     Gourm    +     (armour currently unavailable)
rNeg   + + +     Faith    .     (no shield)
rPois  +         Spirit   .     (helmet currently unavailable)
rElec  .         Dismiss  .     (cloak currently unavailable)
rCorr  .         Reflect  .     (gloves unavailable)
SustAt .         Harm     .     (boots unavailable)
MR     .....     Clarity  +     (no amulet)
Stlth  ++........ NoTele   +    (no ring)
                                g - +4 ring of strength

@: tree-form, slowed, very slow, not resistant to hostile enchantments,
unstealthy
A: unfitting armour, (claws 0), repulsion field 1, (slimy green scales 0),
clarity, (deformed body), fast metabolism 3, gourmand, regeneration 2, robust 1,
(shaggy fur 0), (tough skin 0), weak 1
a: Animate Remains, Renounce Religion


You were on level 11 of the Dungeon.
You worshipped Yredelemnul.
Yredelemnul was aware of your devotion.
You were very hungry.
You were a tree.
You visited 3 branches of the dungeon, and saw 14 of its levels.
You also visited: Sewer.

You collected 778 gold pieces.
You spent 721 gold pieces at shops.

Inventory:

Missiles
 d - 4 large rocks (quivered)
Armour
 e - a +1 robe of magic resistance (melded)
 v - a +1 cloak (melded)
Jewellery
 g - a +4 ring of strength (left branch)
Wands
 D - a wand of slowing (34/48)
 F - a wand of teleportation (1/9)
 G - a wand of iceblast (5/15)
 K - a wand of digging (8/24)
 N - a wand of paralysis (13/24)
 P - a wand of enslavement (6/24)
Scrolls
 f - 2 scrolls of noise {unknown}
 i - 5 scrolls of blinking
 j - 7 scrolls of remove curse
 k - 4 scrolls of immolation
 m - 13 scrolls of teleportation
 n - a scroll of holy word
 o - 2 scrolls of enchant armour {unknown}
 p - a scroll of random uselessness {unknown}
 t - 20 scrolls of identify
 x - 5 scrolls of fear
 C - a scroll of recharging {unknown}
 H - 2 scrolls of amnesia
 L - 2 scrolls of fog
 M - a scroll of silence
 Q - a scroll of vulnerability {unknown}
 R - a scroll of magic mapping
Potions
 h - 2 potions of flight
 l - 2 potions of degeneration
 q - 2 potions of cure mutation
 r - 2 potions of agility
 s - 3 potions of brilliance
 u - a potion of invisibility
 O - a potion of lignification
Books
 y - a book of Spatial Translocations

   Spells                             Type                      Level
   a - Apportation                    Translocation                1
   b - Blink                          Translocation                2
   c - Shroud of Golubria             Charms/Translocation         2
   d - Portal Projectile              Translocation                3
   e - Teleport Other                 Translocation                3
   f - Passage of Golubria            Translocation                4
 J - a book of Annihilations

   Spells                             Type                      Level
   a - Poison Arrow                   Conjuration/Poison           6
   b - Chain Lightning                Conjuration/Air              8
   c - Lehudib's Crystal Spear        Conjuration/Earth            8
   d - Glaciate                       Conjuration/Ice              9
   e - Fire Storm                     Conjuration/Fire             9
Comestibles
 b - 13 bread rations
 c - 6 beef jerkies
 w - 5 meat rations
 I - 4 fruits


   Skills:
 + Level 9.4 Fighting
 - Level 2.6 Dodging
 - Level 1.1 Stealth
 - Level 11.3 Unarmed Combat
 - Level 9.2 Invocations


You had 10 spell levels left.
You didn't know any spells.

Dungeon Overview and Level Annotations

Branches:
Dungeon (11/15)            Temple (1/1) D:5            Lair (0/8) D:11
    Orc (2/2) D:9             Elf (0/3) Orc:2

Altars:
Ashenzari
Cheibriados
Dithmenos
Elyvilon
Fedhas
Gozag
Kikubaaqudgha
Makhleb
Nemelex Xobeh
Okawaru
Ru
Vehumet
Xom
Yredelemnul
Zin
The Shining One
Beogh

Shops:
D:11 ?

Annotations:
D:2 Terence
Orc:1 Fannar


Innate Abilities, Weirdness & Mutations

You are too large for most types of armour.
((You have claws for hands.))
Your metabolism is lightning-fast.
You like to eat raw meat.
You heal very quickly.
((You are covered in fur (AC +1).))
((You have very tough skin (AC +2).))
You are surrounded by a mild repulsion field (EV +2).
((You are partially covered in slimy green scales (AC +2).))
You possess an exceptional clarity of mind.
((Armour fits poorly on your strangely shaped body.))
You are robust (+10% HP).
You are weak. (Str -2)


Message History

It was a potion of lignification.
You turn into a tree.
Your +1 cloak melds into your body.
Your +1 robe of magic resistance melds into your body.
You feel less resistant to hostile enchantments.
Your roots penetrate the ground.
Your dark mirror aura disappears.
The wraith barely misses you.
Read which item? (? for menu, Esc to quit)
You cannot teleport because you are held in place by your roots.
You hit the wraith.
The wraith is heavily damaged.
The wraith barely misses you.
You smack the wraith!
The wraith is almost destroyed.
The wraith completely misses you. The wraith hits you but does no damage.
You barely miss the wraith.
The wraith is almost destroyed.
The wraith hits you!
You die...
Your body rises from the dead as a mindless zombie.

.#.............##P
...........#.#.###
##.............# #
####........#...##
##.........##..####
######....)............#
#.....>................#
#
#........W####).......>#
# #........♣#
#.........# #
#.........# #######.###
# #.........# #..## #
#.....##### #...# #
#.....# #####[#.###
#.....# #.....)....
#.....# #..........
####### #..........
#..........


You could see a wraith.

Vanquished Creatures
  Maud (D:10)
  Josephine (D:11)
  Joseph (D:8)
  Psyche (D:10)
  A gargoyle (D:11)
  3 trolls (D:10)
  The ghost of namelastname112 the Cutter, an amateur DrBe of Trog (D:3)
  A two-headed ogre (D:8)
  A spriggan (D:8)
  4 wraiths
  A hungry ghost (D:8)
  7 yaks
  A warg (Orc:2)
  An ice beast (D:9)
  5 ogres
  6 orc warriors
  A black bear (D:10)
  2 phantoms
  2 sky beasts
  6 necrophages
  5 centaurs
  A crocodile (D:11)
  A big kobold (D:8)
  2 giant frogs
  5 scorpions
  5 wights
  2 howler monkeys
  4 crimson imps
  A centaur zombie (D:6)
  2 quasits (D:10)
  A giant frog zombie (D:10)
  A jelly (D:10)
  6 orc priests
  Crazy Yiuf (D:3)
  A centaur skeleton (D:10)
  5 hounds
  Jessica (D:2)
  2 iguanas
  8 orc wizards
  8 worker ants
  3 sheep (D:10)
  A hound zombie (D:5)
  4 hound skeletons
  2 howler monkey zombies (D:10)
  A worker ant zombie (D:8)
  16 adders
  A river rat (D:3)
  A shadow imp (D:11)
  An ooze (D:1)
  An adder skeleton (D:9)
  2 adder zombies
  2 worms (D:3)
  4 dart slugs
  5 giant geckos
  28 orcs
  6 ball pythons
  7 bats
  10 giant cockroaches
  7 goblins
  8 hobgoblins
  11 jackals
  8 quokkas
  A giant gecko zombie (D:6)
  6 giant newts
  A jackal skeleton (D:6)
  A jackal zombie (D:6)
  26 kobolds
  3 quokka skeletons
  8 rats
  A bush (D:6)
  A plant (Sewer)
286 creatures vanquished.

Vanquished Creatures (collateral kills)
  A cyclops (D:10)
  A hippogriff (D:10)
  2 centaurs (D:11)
  A giant frog (D:10)
  A worker ant (D:10)
  A sheep (D:10)
  2 orcs (D:11)
9 creatures vanquished.

Vanquished Creatures (others)
  A troll zombie (D:10)
  3 centaur zombies (D:11)
  A black bear zombie (D:10)
  A mummy (D:11)
  A worker ant zombie (D:11)
  2 sheep zombies (D:10)
  An orc (D:11)
  4 plants (D:11)
14 creatures vanquished.

Grand Total: 309 creatures vanquished

Notes
Turn   | Place    | Note
--------------------------------------------------------------
     0 | D:1      | Sargon the Troll Monk began the quest for the Orb.
     0 | D:1      | Reached XP level 1. HP: 22/22 MP: 0/0
   116 | D:1      | Reached XP level 2. HP: 29/29 MP: 1/1
   494 | D:1      | Reached XP level 3. HP: 34/36 MP: 2/2
   964 | D:2      | Reached skill level 5 in Unarmed Combat
  1003 | D:2      | Noticed Jessica
  1019 | D:2      | Killed Jessica
  1019 | D:2      | Reached XP level 4. HP: 44/44 MP: 3/3
  1262 | D:2      | Noticed Terence
  1317 | D:3      | Reached skill level 6 in Unarmed Combat
  1327 | D:3      | Reached XP level 5. HP: 50/50 MP: 4/4
  1540 | D:3      | Found a glowing drain.
  1576 | Sewer    | Entered a sewer
  1808 | D:3      | Found a faded altar to an unknown god.
  1864 | D:3      | Noticed namelastname112's ghost (amateur DrBe)
  1903 | D:3      | Killed namelastname112's ghost
  1903 | D:3      | Reached skill level 7 in Unarmed Combat
  1903 | D:3      | Reached XP level 6. HP: 48/59 MP: 5/5
  2074 | D:3      | Found a burning altar of Makhleb.
  2082 | D:3      | Reached skill level 8 in Unarmed Combat
  2209 | D:3      | Noticed Crazy Yiuf
  2214 | D:3      | Killed Crazy Yiuf
  2540 | D:4      | Reached XP level 7. HP: 66/66 MP: 6/6
  2690 | D:4      | Reached skill level 9 in Unarmed Combat
  3309 | D:5      | Entered Level 5 of the Dungeon
  3370 | D:5      | Found a radiant altar of Vehumet.
  3398 | D:5      | Found a white marble altar of Elyvilon.
  3398 | D:5      | Found a glowing golden altar of the Shining One.
  3398 | D:5      | Found a glowing silver altar of Zin.
  3438 | D:5      | Reached skill level 10 in Unarmed Combat
  3438 | D:5      | Reached XP level 8. HP: 52/74 MP: 7/7
  3641 | D:5      | Found a staircase to the Ecumenical Temple.
  3650 | Temple   | Entered the Ecumenical Temple
  3655 | Temple   | Became a worshipper of Yredelemnul the Dark
  3655 | Temple   | Reached * piety under Yredelemnul
  3655 | Temple   | Reached ** piety under Yredelemnul
  3790 | D:6      | Reached skill level 11 in Unarmed Combat
  3992 | D:6      | Reached skill level 1 in Invocations
  4004 | D:6      | Found a blossoming altar of Fedhas.
  4090 | D:6      | Found a shadowy altar of Dithmenos.
  4184 | D:6      | Reached XP level 9. HP: 58/80 MP: 8/10
  4203 | D:6      | Reached skill level 5 in Invocations
  5072 | D:7      | Found Carayda's Magic Scroll Shoppe.
  5080 | D:7      | Bought a scroll of blinking for 75 gold pieces
  5080 | D:7      | Bought a scroll of remove curse for 30 gold pieces
  5080 | D:7      | Bought a scroll of identify for 20 gold pieces
  5080 | D:7      | Bought a scroll of immolation for 35 gold pieces
  5080 | D:7      | Bought a scroll of identify for 20 gold pieces
  5080 | D:7      | Bought a scroll of silence for 75 gold pieces
  5080 | D:7      | Bought a scroll of identify for 20 gold pieces
  5080 | D:7      | Bought a scroll of remove curse for 30 gold pieces
  5265 | D:8      | Found a sacrificial altar of Ru.
  5282 | D:8      | Noticed Joseph
  5291 | D:8      | Killed Joseph
  5298 | D:8      | Reached XP level 10. HP: 33/88 MP: 15/15
  5787 | D:8      | Gained mutation: You possess an exceptional clarity of mind. [mutagenic meat]
  5788 | D:8      | Gained mutation: You are partially covered in slimy green scales (AC +2). [mutagenic meat]
  5789 | D:8      | Gained mutation: Armour fits poorly on your strangely shaped body. [mutagenic meat]
  5790 | D:8      | Gained mutation: You are weak. (Str -2) [mutagenic meat]
  6463 | D:9      | Found a staircase to the Orcish Mines.
  6467 | D:9      | Reached *** piety under Yredelemnul
  6481 | D:9      | Found a roughly hewn altar of Beogh.
  6485 | Orc:1    | Entered Level 1 of the Orcish Mines
  6524 | Orc:1    | Noticed Fannar
  6533 | Orc:2    | Entered Level 2 of the Orcish Mines
  6533 | Orc:2    | Found a staircase to the Elven Halls.
  6547 | Orc:2    | Noticed an orc knight
  6785 | Orc:1    | You fall through a shaft!
  6948 | D:9      | Found an opulent altar of Gozag.
  7290 | D:10     | Entered Level 10 of the Dungeon
  7374 | D:10     | Reached skill level 5 in Fighting
  7517 | D:10     | Noticed Maud
  7526 | D:10     | Killed Maud
  7585 | D:10     | Noticed a cyclops
  7606 | D:10     | Killed a cyclops
  7771 | D:10     | Noticed Psyche
  7857 | D:10     | Killed Psyche
  7857 | D:10     | Reached XP level 11. HP: 81/109 MP: 16/16
  8688 | D:11     | Found a staircase to the Lair.
  8712 | D:11     | Found Paaloukh's Magic Scroll Shop.
  8715 | D:11     | Bought a scroll of fear for 56 gold pieces
  8715 | D:11     | Bought a scroll of holy word for 120 gold pieces
  8715 | D:11     | Bought a scroll of amnesia for 56 gold pieces
  8715 | D:11     | Bought a scroll of magic mapping for 56 gold pieces
  8715 | D:11     | Bought a scroll of fog for 32 gold pieces
  8715 | D:11     | Bought a scroll of teleportation for 48 gold pieces
  8715 | D:11     | Bought a scroll of teleportation for 48 gold pieces
  8728 | D:11     | Noticed a hill giant
  9007 | D:9      | Reached **** piety under Yredelemnul
  9025 | D:9      | Received a gift from Yredelemnul
  9163 | D:11     | Noticed Josephine
  9330 | D:11     | Killed Josephine
  9343 | D:11     | Gained mutation: You are robust (+10% HP). [potion of mutation]
  9343 | D:11     | Gained mutation: You are surrounded by a mild repulsion field (EV +2). [potion of mutation]
  9344 | D:11     | HP: 2/126 [wraith[Josephine] (13)]
  9348 | D:11     | Slain by a wraith

Vault maps used:
D:1:      shiori_arrival_oz
D:2:      uniq_terence, uniq_jessica
D:3:      makhleb_grotto_becter, portal_sewer_entry_a, first_bread,
          ecumenical_altar_2, uniq_crazy_yiuf_cottage
D:5:      good_gods_mini_temple, nicolae_overflow_crystal_walls,
          minmay_temple_entry_poolview
D:6:      fedhas_altar_decomposition, nicolae_dithmenos_shadow_blocks
D:7:      serial_shops, shop
D:8:      nicolae_ru_sacrificial_ziggurat, the_bakery, uniq_joseph
D:9:      minmay_orc_entry_temple_small, basic_altar
D:10:     hangedman_decor_lopped, hex_tiny, uniq_maud, uniq_psyche
D:11:     david_lair_shrubbed, serial_shops, kennysheep_mini, uniq_josephine
Temple:   circular_temple_13
Orc:1:    lemuel_ogre_cave, uniq_harold, uniq_fannar
Orc:2:    grunt_orc_community_town_hall, grunt_orc_community_big_house_2,
          grunt_orc_community_big_house_2, grunt_orc_community_house_3,
          grunt_orc_community_house_2, grunt_orc_community_house_2,
          grunt_orc_community_house_3, serial_shops,
          nicolae_shop_window_shopping, trog_book
Sewer:    sewer_co_scattered_pipes

Skill      XL: |  1  2  3  4  5  6  7  8  9 10 11 |
---------------+----------------------------------+-----
Unarmed Combat | 5 6 7 8 10 11 | 11.3
Invocations    | 3 8 9 |  9.2
Fighting       | 7 9 |  9.4
Dodging        | |  2.6
Stealth        | |  1.1

Action                   |  1- 3 |  4- 6 |  7- 9 | 10-12 || total
-------------------------+-------+-------+-------+-------++-------
Melee: Unarmed           |    74 |   143 |   245 |   316 ||   778
Invok: Animate Remains   |       |       |     2 |       ||     2
       Recall Undead Sla |       |       |     1 |     4 ||     5
       Animate Dead      |       |       |       |     4 ||     4
       Injury Mirror     |       |       |       |     4 ||     4
       Drain Life        |       |       |       |     1 ||     1
  Use: Potion            |       |       |     2 |    21 ||    23
       Scroll            |       |       |     2 |       ||     2
 Stab: Sleeping          |     3 |     3 |     1 |     4 ||    11
       Distracted        |       |       |     1 |     1 ||     2
  Eat: Chunk             |     5 |    17 |    22 |    35 ||    79
       Bread ration      |     1 |       |       |       ||     1
       Pizza             |       |       |       |     2 ||     2
       Royal jelly       |       |       |       |     1 ||     1
       Beef jerky        |       |       |       |     1 ||     1
